 Dungeon Crawl Stone Soup version 0.24.0-123-gd5b16e6ec5 (webtiles) character file.

Game seed: 14817164907906147730, levelgen mode: deterministic

17168 ploerhuhn the Carver (level 12, -7/94 HPs)
             Began as a Demonspawn Berserker on Jan 24, 2020.
             Was a High Priest of Trog.
             Mangled by a freezing wraith (17 damage)
             ... on level 11 of the Dungeon.
             The game lasted 01:04:51 (10142 turns).

ploerhuhn the Carver (Demonspawn Berserker)        Turns: 10142, Time: 01:04:51

Health: -7/94      AC: 25    Str: 23    XL:     12   Next: 16%
Magic:  12/12      EV:  9    Int:  8    God:    Trog [*****.]
Gold:   687        SH:  0    Dex: 13    Spells: 11/11 levels left

rFire    + . .     SeeInvis .   N - +3 executioner's axe (freeze)
rCold    . . .     Gourm    .   (shield currently unavailable)
rNeg     . . .     Faith    .   C - +0 plate armour
rPois    .         Spirit   .   s - +1 helmet
rElec    +         Reflect  .   B - +2 cloak
rCorr    .         Harm     .   (no gloves)
MR       ++...                  y - +0 pair of boots
Stlth    ..........             G - amulet of regeneration
HPRegen  1.65/turn              o - ring of fire
MPRegen  0.13/turn              z - ring of stealth

@: regenerating, slowed, very slow
A: thin metallic scales 3, cold resistance 1, spiny 2, freezing cloud immunity
a: Berserk, Trog's Hand, Brothers in Arms, Renounce Religion


You were on level 11 of the Dungeon.
You worshipped Trog.
Trog was extremely pleased with you.
You were hungry.

You visited 2 branches of the dungeon, and saw 13 of its levels.

You collected 687 gold pieces.

Inventory:

Hand Weapons
 a - a +1 falchion of draining
 H - a +6 demon trident
 N - a +3 executioner's axe of freezing (weapon)
Missiles
 t - 8 curare-tipped darts (quivered)
Armour
 s - a +1 helmet (worn)
 y - a +0 pair of boots (worn)
 A - a +0 shield
 B - a +2 cloak (worn)
 C - a +0 plate armour (worn)
 F - a +2 buckler
 K - a +1 ring mail of fire resistance
Jewellery
 o - a ring of fire (left hand)
 z - a ring of stealth (right hand)
 G - an amulet of regeneration (around neck)
 M - an uncursed ring of stealth
Wands
 m - a wand of scattershot (4)
 x - a wand of disintegration (16)
Scrolls
 e - a scroll of torment {unknown}
 h - 9 scrolls of remove curse
 i - 6 scrolls of teleportation
 j - 3 scrolls of enchant armour
 k - 16 scrolls of identify
 n - 2 scrolls of noise {unknown}
 p - a scroll of enchant weapon {unknown}
 q - 3 scrolls of blinking {unknown}
 v - 4 scrolls of magic mapping {unknown}
 D - a scroll of holy word {unknown}
 L - a scroll of vulnerability {unknown}
Potions
 b - a potion of berserk rage
 d - a potion of experience {unknown}
 f - 5 potions of curing
 g - 2 potions of haste {unknown}
 l - a potion of might
 r - 3 potions of brilliance {unknown}
 u - 5 potions of heal wounds
 w - a potion of mutation {unknown}
 E - 2 potions of invisibility {unknown}
 I - a potion of agility
 J - 9 potions of degeneration
Comestibles
 c - 16 rations


   Skills:
 + Level 8.7 Fighting
 + Level 10.8 Long Blades
 + Level 6.2 Axes
 + Level 9.7 Armour
 + Level 3.6 Dodging
 + Level 5.8 Shields


You had 11 spell levels left.
You didn't know any spells.
Your spell library contained the following spells:

 Spells                   Type           Power        Failure   Level  Hunger
 Confusing Touch          Hex            #.....       99%         1    ##.....
 Confuse                  Hex            #.......     100%        3    ####...
 Gell's Gravitas          Tloc           #.........   100%        3    ####...
 Cause Fear               Hex            #.........   100%        4    #####..
 Petrify                  Tmut/Erth      #.......     100%        4    #####..
 Metabolic Englaciation   Hex/Ice        #.........   100%        5    ######.
 Silence                  Hex/Air        #.........   100%        5    ######.
 Yara's Violent Unravell  Hex/Tmut       #.........   100%        5    ######.
 Deflect Missiles         Chrm/Air       #.........   100%        6    #######
 Discord                  Hex            #.........   100%        8    #######


Dungeon Overview and Level Annotations

Branches:
Dungeon (12/15)            Temple (1/1) D:6            Lair (0/6) D:9
    Orc (0/2) D:11

Altars:
Ashenzari
Cheibriados
Dithmenos
Elyvilon
Fedhas
Gozag
Hepliaklqana
Kikubaaqudgha
Makhleb
Nemelex Xobeh
Okawaru
Qazlal
Ru
Sif Muna
Trog
Uskayaw
Vehumet
Wu Jian
Xom
Yredelemnul
Zin
The Shining One

Shops:
D:5 }!   D:6 =


Innate Abilities, Weirdness & Mutations

You are completely covered in thin metallic scales. (AC +4, rElec)
Your flesh is cold resistant. (rC+)
You are mostly covered in sharp spines.
You are immune to freezing clouds.


Message History

The freezing wraith hits you but does no damage. x2
The freezing wraith is struck by your spines.
The freezing wraith hits you. The freezing wraith freezes you!!
The freezing wraith hits you but does no damage.
You feel yourself speed up.
The freezing wraith is struck by your spines.
The freezing wraith barely misses you. The freezing wraith hits you!
The freezing wraith drains your vigour!
You feel yourself slow down.
There is an open door, spattered with blood here.
You slash the freezing wraith!
The freezing wraith is almost destroyed.
The freezing wraith is struck by your spines.
The freezing wraith hits you!
* * * LOW HITPOINT WARNING * * *
The freezing wraith freezes you!
* * * LOW HITPOINT WARNING * * *
The freezing wraith barely misses you. The freezing wraith hits you.
* * * LOW HITPOINT WARNING * * *
The freezing wraith freezes you!
You die...

.......# #..........>......#..^#
......)####.................#...#
............................#...'
.......)..<.................#####
............##'######............
.#####......#.......#....#####...
.#...#......#.....(.#.#### #..)
.#...#......#.......#.# ##..
.#...#......####@####.# #..
.#...'...........W....# #..
.##'##................# #.#
.............##'#.....# #.#
.........#####..#.....# #.#
+#######.#......#.....#########.#
.......#.#......#...............#
.......#.#......#...........>....
..###############################


You could see a freezing wraith.

Vanquished Creatures
  3 two-headed ogres
  A tengu warrior (D:12)
  Urug (D:10)
  2 unseen horrors
  A yaktaur (D:12)
  4 trolls
  3 meliai (D:12)
  A queen bee (D:12)
  Prince Ribbit (D:6)
  A slime creature (D:12)
  2 hippogriffs
  A shadow (D:11)
  A wraith (D:12)
  Sigmund (D:6)
  2 wyverns
  Eustachio (D:4)
  18 yaks
  3 hogs (D:9)
  2 hungry ghosts
  3 humans (D:9)
  The ghost of Xerdoz the Insei, an amateur OpTm (D:5)
  Edmund (D:6)
  A water moccasin (D:10)
  A swamp drake (D:11)
  4 orc warriors
  3 ice beasts
  2 necrophages (D:10)
  2 sky beasts
  4 ogres
  7 centaurs
  6 bullfrogs
  A wyvern zombie (D:11)
  A wyvern skeleton (D:10)
  3 scorpions
  24 killer bees (D:12)
  8 howler monkeys
  A wight (D:12)
  2 bullfrog zombies
  A crimson imp (D:12)
  A quasit (D:9)
  A centaur skeleton (D:7)
  3 jellies
  Crazy Yiuf (D:5)
  A hound (D:9)
  4 orc priests
  11 orc wizards
  2 bullfrog skeletons
  6 iguanas
  10 worker ants
  3 gnolls (D:5)
  12 adders
  4 shadow imps
  An ooze (D:2)
  4 adder skeletons
  An adder zombie (D:9)
  2 worms (D:3)
  A dart slug (D:2)
  4 leopard geckos
  44 orcs
  8 ball pythons
  11 bats
  3 giant cockroaches
  7 goblins
  2 hobgoblins (D:3)
  10 jackals
  7 quokkas
  4 frilled lizards
  A jackal zombie (D:6)
  A kobold (D:3)
  A quokka skeleton (D:4)
  2 quokka zombies
  4 rats
302 creatures vanquished.

Vanquished Creatures (others)
  2 orc wizards
  An orc (D:11)
3 creatures vanquished.

Grand Total: 305 creatures vanquished

Notes
Turn   | Place    | Note
-------+----------+-------------------------------------------
     0 | D:1      | ploerhuhn the Demonspawn Berserker began the quest for the
                  | Orb.
     0 | D:1      | Reached XP level 1. HP: 18/18 MP: 1/1
   471 | D:1      | Gained mutation: You are partially covered in thin metallic
                  | scales. (AC +2) [demonic ancestry]
   471 | D:1      | Reached XP level 2. HP: 20/24 MP: 2/2
   912 | D:2      | Found a snail-covered altar of Cheibriados.
  1186 | D:2      | Gained mutation: You are mostly covered in thin metallic
                  | scales. (AC +3) [demonic ancestry]
  1186 | D:2      | Reached XP level 3. HP: 10/29 MP: 3/3
  2077 | D:3      | Reached ** piety under Trog
  2124 | D:3      | Gained mutation: You are partially covered in sharp spines.
                  | [demonic ancestry]
  2124 | D:3      | Reached XP level 4. HP: 19/37 MP: 4/4
  2194 | D:3      | Found a faded altar of an unknown god.
  2675 | D:3      | Reached XP level 5. HP: 40/42 MP: 5/5
  2834 | D:4      | Noticed an ice beast
  2837 | D:4      | Noticed a hungry ghost
  2845 | D:4      | Killed an ice beast
  2859 | D:4      | Killed a hungry ghost
  2859 | D:4      | Reached skill level 5 in Axes
  2859 | D:4      | Gained mutation: You are completely covered in thin
                  | metallic scales. (AC +4, rElec) [demonic ancestry]
  2859 | D:4      | Reached XP level 6. HP: 22/49 MP: 6/6
  2893 | D:4      | Noticed Eustachio
  2923 | D:4      | Killed Eustachio
  2923 | D:4      | Gained mutation: Your flesh is cold resistant. (rC+)
                  | [demonic ancestry]
  2923 | D:4      | Reached XP level 7. HP: 42/55 MP: 7/7
  3405 | D:5      | Entered Level 5 of the Dungeon
  3473 | D:5      | Found a large runed translucent door.
  3473 | D:5      | Found a large runed translucent door.
  3484 | D:5      | Noticed Xerdoz's ghost (amateur OpTm)
  3582 | D:5      | Found Kaluigee's Gadget Boutique.
  3740 | D:5      | Found Ussolel's Distillery.
  3791 | D:5      | Found a runed translucent door.
  3792 | D:5      | Noticed Crazy Yiuf
  4005 | D:5      | Killed Xerdoz's ghost
  4005 | D:5      | Reached skill level 1 in Long Blades
  4083 | D:5      | Killed Crazy Yiuf
  4207 | D:5      | Reached skill level 2 in Long Blades
  4231 | D:6      | Noticed Prince Ribbit
  4236 | D:6      | Reached *** piety under Trog
  4236 | D:6      | Reached skill level 5 in Fighting
  4236 | D:6      | Reached XP level 8. HP: 60/62 MP: 8/8
  4246 | D:6      | Noticed Edmund
  4251 | D:6      | Killed Prince Ribbit
  4251 | D:6      | Reached skill level 3 in Long Blades
  4272 | D:6      | Killed Edmund
  4306 | D:6      | Noticed Sigmund
  4316 | D:6      | Reached skill level 5 in Armour
  4321 | D:6      | Reached skill level 4 in Long Blades
  4423 | D:6      | Killed Sigmund
  4466 | D:6      | Found Xauf's Jewellery Shoppe.
  4573 | D:6      | Reached skill level 5 in Long Blades
  4690 | D:6      | Gained mutation: You are mostly covered in sharp spines.
                  | [demonic ancestry]
  4690 | D:6      | Reached XP level 9. HP: 36/69 MP: 9/9
  4958 | D:6      | Found a staircase to the Ecumenical Temple.
  5107 | Temple   | Entered the Ecumenical Temple
  6155 | D:8      | Reached skill level 6 in Long Blades
  6473 | D:8      | Noticed a two-headed ogre
  6523 | D:8      | Killed a two-headed ogre
  6523 | D:8      | Reached skill level 7 in Long Blades
  7298 | D:9      | Found a staircase to the Lair.
  7335 | D:9      | Found an iron altar of Okawaru.
  7357 | D:9      | Gained mutation: You are immune to freezing clouds.
                  | [demonic ancestry]
  7357 | D:9      | Reached XP level 10. HP: 72/77 MP: 10/10
  7456 | D:9      | Reached skill level 1 in Shields
  7463 | D:9      | Reached skill level 8 in Long Blades
  7849 | D:9      | Reached **** piety under Trog
  7933 | D:10     | Entered Level 10 of the Dungeon
  8198 | D:10     | Reached skill level 9 in Long Blades
  8260 | D:10     | Noticed Urug
  8308 | D:10     | Killed Urug
  8308 | D:10     | Reached XP level 11. HP: 52/84 MP: 11/11
  8382 | D:10     | Killed an unseen horror
  9015 | D:11     | Reached ***** piety under Trog
  9041 | D:11     | Found a staircase to the Orcish Mines.
  9216 | D:11     | Found a shimmering blue altar of Sif Muna.
  9239 | D:11     | Found a basalt altar of Yredelemnul.
  9419 | D:11     | Noticed a two-headed ogre
  9440 | D:11     | Killed a two-headed ogre
  9440 | D:11     | Reached skill level 10 in Long Blades
  9440 | D:11     | Reached skill level 5 in Shields
  9495 | D:11     | Found a hide-covered altar of Uskayaw.
  9791 | D:12     | Noticed a two-headed ogre
  9817 | D:12     | Killed a two-headed ogre
  9920 | D:12     | Noticed a tengu warrior
  9927 | D:12     | Received a gift from Trog
  9995 | D:12     | Killed a tengu warrior
  9995 | D:12     | Reached XP level 12. HP: 52/94 MP: 12/12
 10142 | D:11     | Mangled by a freezing wraith

Levels and vault maps discovered:
D:1:      nzn_arrival_depleted_hourglass, layout_basic
D:2:      layout_basic, kennysheep_slug_shrine
D:3:      layout_loops_cross, first_ration, chequers_ecumenical_altar_island,
          grunt_decor_fettered, minmay_shallow_snake_nest
D:4:      layout_loops_ring, uniq_eustachio
D:5:      layout_rooms, serial_shops, shop, kennysheep_little_box,
          ebering_ghost_disaster_area, uniq_crazy_yiuf_cottage
D:6:      layout_cave_pools, temple_fountains, serial_shops, shop, uniq_sigmund,
          uniq_prince_ribbit1, uniq_edmund
D:7:      layout_loops_cross, bh_chokoban, kennysheep_generic_room_5
D:8:      layout_basic
D:9:      layout_gridville, okawaru_humans, lair_entry_dummy, grunt_livestock
D:10:     layout_long_grid, kennysheep_generic_room_8, uniq_urug
D:11:     layout_irregular_city, erik_orc_1, hangedman_feature_mirror,
          yredelemnul_altar_generic
D:12:     hangedman_what_comes_after_a, layout_gridville
Temple:   regret_index_temple_chain_breaker

Skill      XL: |  1  2  3  4  5  6  7  8  9 10 11 |
---------------+----------------------------------+-----
Axes           | 3 4 5 6 |  6.2
Armour         | 2 3 4 5 7 8 9 |  9.7
Dodging        | 2 3 |  3.6
Fighting       | 4 5 6 7 8 |  8.7
Long Blades    | 2 5 7 9 10 | 10.8
Shields        | 3 5 |  5.8

Action                   |  1- 3 |  4- 6 |  7- 9 | 10-12 || total
-------------------------+-------+-------+-------+-------++-------
Melee: Hand axe          |   137 |    97 |    16 |       ||   250
       Falchion          |       |       |   335 |   527 ||   862
       Executioner's axe |       |       |       |    14 ||    14
Invok: Trog's Hand       |       |     5 |     9 |     5 ||    19
  Use: Scroll            |     1 |     3 |     3 |     1 ||     8
       Potion            |       |     1 |       |     1 ||     2
 Stab: Confused          |       |       |       |     1 ||     1
  Eat: Ration            |     1 |     1 |     4 |     2 ||     8
       Chunk             |       |     4 |     7 |     5 ||    16
Armor: Animal skin       |    31 |       |       |       ||    31
       Chain mail        |    64 |    50 |   129 |       ||   243
       Plate armour      |       |       |   136 |   359 ||   495
Dodge: Dodged            |    91 |    28 |   134 |   184 ||   437
Block: Shield            |       |       |    15 |    53 ||    68
       Buckler           |       |       |       |   145 ||   145
       Rpst.: Falchion   |       |       |    32 |    42 ||    74
